 Dungeon Crawl Stone Soup version 0.30-a0-778-g2ef04afb54 (webtiles) character file.

Game seed: 13646316361733002293

37 Juicyj the Stinger (level 3, 0/24 HPs)
             Began as a Merfolk Venom Mage on Feb 16, 2023.
             Slain by a gnoll
             ... wielding a +0 mace
              (3 damage)
             ... on level 2 of the Dungeon.
             The game lasted 00:01:34 (1204 turns).

Juicyj the Stinger (Merfolk Venom Mage)             Turns: 1204, Time: 00:01:34

Health: 0/24       AC:  5    Str:  8    XL:     3   Next: 39%
Magic:  1/6        EV:  7    Int: 14    God:
Gold:   53         SH:  0    Dex: 16    Spells: 5/6 levels left

rFire   . . .      SeeInvis .    f - +0 club
rCold   . . .      Faith    .    (no shield)
rNeg    . . .      Spirit   .    a - +0 robe
rPois   .          Reflect  .    h - +2 helmet
rElec   .          Harm     .    (no cloak)
rCorr   .          Rampage  .    (no gloves)
Will    .....                    (no boots)
Stlth   ++                       (no amulet)
HPRegen 0.24/turn                (no ring)
MPRegen 0.10/turn                (no ring)

@: held
A: (nimble swimmer 2), mertail
a: no special abilities


You were on level 2 of the Dungeon.
You visited 1 branch of the dungeon, and saw 2 of its levels.

You collected 53 gold pieces.

Inventory:

Hand Weapons
 f - a +0 club (weapon)
 g - a +0 dagger
Armour
 a - a +0 robe (worn)
 h - a +2 helmet (worn)
Scrolls
 e - a scroll of identify {unknown}
 i - a scroll of fog {unknown}
 j - a scroll of immolation {unknown}
Potions
 b - a potion of magic
 c - 2 potions of brilliance {unknown}
 d - a potion of flight {unknown}


   Skills:
 + Level 3.2 Dodging
 + Level 2.7 Stealth
 + Level 2.3 Spellcasting
 + Level 2.2 Transmutations
 + Level 3.6 Poison Magic


You had 5 spell levels left.
You knew the following spells:

 Your Spells              Type           Power      Damage    Failure   Level
a - Sting                 Tmut/Pois      36%        1d4       7%          1

Your spell library contained the following spells:

 Spells                   Type           Power      Damage    Failure   Level
 Poisonous Vapours        Pois/Air       12%        N/A       17%         2
 Mephitic Cloud           Conj/Pois/Air  5%         N/A       38%         3
 Olgreb's Toxic Radiance  Pois           11%        N/A       45%         4


Dungeon Overview and Level Annotations

Branches:
Dungeon (2/15)

Altars:


Innate Abilities, Weirdness & Mutations

((You are very nimble when in or above water. (Stealth+, EV+, Speed+++)))
Your lower body shifts to a powerful aquatic tail in water.


Message History

There are monsters nearby!
A goblin and a gnoll come into view.
The hobgoblin shouts!
The gnoll moves out of view.
A gnoll comes into view. It is wielding a +0 flail.
The sting hits the hobgoblin but does no damage.
The hobgoblin is poisoned.
The goblin shouts!
The gnoll shouts!
The sting hits the hobgoblin.
The hobgoblin looks even sicker.
The hobgoblin is lightly wounded.
The sting hits the hobgoblin.
The hobgoblin looks even sicker.
The hobgoblin is heavily wounded.
The gnoll shouts!
The hobgoblin barely misses you.
The gnoll throws a throwing net.
The throwing net hits you.
You become entangled in the net!
You struggle against the net.
You kill the hobgoblin!
You struggle against the net.
The gnoll hits you but does no damage. The goblin hits you with a +0 club.
You struggle against the net.
The gnoll hits you with a +0 mace. The goblin hits you with a +0 club.
Casting: Sting (safe; 7% risk of failure)
Confirm with . or Enter, or press ? or * to list all spells.
Aiming: Sting (safe; 7% risk of failure)
Press: ? - help, Shift-Dir - straight line, f - gnoll
Aim: a gnoll, wielding a +0 flail (72% to hit)
The sting misses the gnoll.
The sting hits the gnoll.
The gnoll is poisoned.
The gnoll is lightly wounded.
The gnoll hits you with a +0 flail! The gnoll hits you with a +0 mace.
* * * LOW HITPOINT WARNING * * *
The goblin barely misses you.
Casting: Sting (safe; 7% risk of failure)
Confirm with . or Enter, or press ? or * to list all spells.
Aiming: Sting (safe; 7% risk of failure)
Press: ? - help, Shift-Dir - straight line, f - gnoll, p - gnoll
Aim: a gnoll, wielding a +0 mace (72% to hit)
The sting hits the gnoll.
The gnoll is poisoned.
The gnoll is lightly wounded.
The gnoll hits you with a +0 mace.
You die...

.............#
.............#
.............#
..............# ..
...........#
...##.........########
......ggg............
#..g@.............
#.................
#.................
#.................
#.................
#######.......>...
#.##........
#.##........
#.##########


You could see 3 gnolls and a goblin.

Vanquished Creatures
  Jessica (D:2)
  2 hobgoblins
  A quokka (D:2)
  3 ball pythons (D:1)
  2 bats (D:1)
  2 frilled lizards (D:1)
  2 kobolds (D:1)
  A rat (D:1)
14 creatures vanquished.

Notes
Turn   | Place    | Note
-------+----------+-------------------------------------------
     0 | D:1      | Juicyj the Merfolk Venom Mage began the quest for the Orb.
     0 | D:1      | Reached XP level 1. HP: 13/13 MP: 3/3
   681 | D:1      | Reached XP level 2. HP: 15/19 MP: 0/5
  1119 | D:2      | Noticed Jessica
  1124 | D:2      | Killed Jessica
  1125 | D:2      | Reached XP level 3. HP: 24/24 MP: 1/6
  1204 | D:2      | Slain by a gnoll

Illustrated notes

Levels and vault maps discovered:
D:1:      amcnicky_arrival_underground_garden, layout_basic, bh_walls_and_bars
D:2:      layout_basic, dreamdust_princess_bridge, minmay_misc_feat_room,
          uniq_jessica

Skill      XL: |  1  2 |
---------------+-------+-----
Dodging        | 3 |  3.2
Transmutations | 2 |  2.2
Stealth        | |  2.7
Spellcasting   | |  2.3
Poison Magic   | |  3.6

Action                     || total
---------------------------++-------
  Melee: Club              ||    12
         Unarmed           ||     1
   Cast: Sting             ||    25
   Stab: Sleeping          ||     1
 Armour: Robe              ||     4
  Dodge: Dodged            ||    23

Table legend: (Time is in decaauts)
 A = Elapsed time spent in this place.
 B = Non-inter-level travel time spent in this place.
 C = Inter-level travel time spent in this place.
 D = Time resting spent in this place.
 E = Time spent auto-exploring this place.
 F = Levels seen in this place.
 G = Mean time per level.
                   A        B        C        D        E       F      G
               +--------+--------+--------+--------+--------+-----+--------+
         Total |   1206 |   1182 |     24 |      0 |   1071 |   2 |  603.0 |
       Dungeon |   1206 |   1182 |     24 |      0 |   1071 |   2 |  603.0 |
               +--------+--------+--------+--------+--------+-----+--------+

Top non-repeatable levels by time:
     D:1: 1028 daAuts
     D:2: 178 daAuts
